 Dungeon Crawl Stone Soup version 0.32-a0-290-g598725c5f2 (webtiles) character file.

Game seed: 17788744144450751115

656 Sobieck the Ruffian (level 7, 0/72 HPs)
             Began as an Octopode Shapeshifter on Feb 13, 2024.
             Slain by a gnoll
             ... wielding a +0 spear
             ... led by a gnoll bouda
              (5 damage)
             ... on level 4 of the Dungeon.
             The game lasted 00:07:51 (3093 turns).

Sobieck the Ruffian (Octopode Shapeshifter)         Turns: 3093, Time: 00:07:52

Health: 0/72       AC: 27    Str: 15    XL:     7   Next: 55%
Magic:  16/16      EV:  2    Int: 12    God:
Gold:   121        SH:  0    Dex: 12    Spells: 6/6 levels left

rFire   . .          .
                       - Unarmed
rCold   . . .        (no shield)
rNeg    . . .        (helmet currently unavailable)
rPois   +            (no amulet)
rElec   .            e - +4 ring of protection
rCorr   .            f - ring of magical power
SInv    .            (no ring)
Will    .....        (no ring)
Stlth   ++           (no ring)
HPRegen 0.32/turn    (no ring)
MPRegen 0.15/turn    (no ring)
                     (no ring)

%: no passive effects
@: tree-form, weakened
A: stationary, stasis, torment immunity, boosted hp, almost no armour,
(amphibious), 8 rings, (camouflage 1), (gelatinous body 1), (nimble swimmer 1),
(tentacles)
a: no special abilities


You were on level 4 of the Dungeon.
You were a tree.
You visited 1 branch of the dungeon, and saw 4 of its levels.

You collected 121 gold pieces.

Inventory:

Hand Weapons
 b - a +0 sling of electrocution
Missiles
 g - 21 stones (quivered)
 m - 11 poisoned darts
Jewellery
 e - a +4 ring of protection (left branch)
 f - a ring of magical power (right branch)
 i - a ring of fire
Talismans
 c - a flux talisman
 l - a beast talisman (active)
Scrolls
 d - a scroll of brand weapon
Potions
 k - a potion of mutation


   Skills:
 + Level 4.2 Fighting
 + Level 4.2 Dodging
 - Level 4.0 Stealth
 * Level 5.3 Unarmed Combat
 + Level 3.2 Shapeshifting


You had 6 spell levels left.
You didn't know any spells.
Your spell library contained the following spells:

 Spells                   Type           Power      Damage    Failure   Level
 Slow                     Hex            0%         N/A       32%         1
 Confusing Touch          Hex            0%         N/A       69%         3
 Sigil of Binding         Hex            0%         N/A       69%         3
 Vampiric Draining        Necr           0%         2d6       69%         3


Dungeon Overview and Level Annotations

Branches:
Dungeon (4/15)
 Temple: D:4-7

Altars:
Nemelex Xobeh
The Shining One

Shops:
D:1 =


Innate Abilities, Weirdness & Mutations

You are a tree.
Your roots penetrate the ground, keeping you stationary.
You cannot be teleported.
You are immune to unholy pain and torment.
Your maximum health is greatly increased.
You cannot wear most types of armour.
((You are amphibious.))
You can wear up to eight rings at the same time.
((Your skin changes colour to match your surroundings (Stealth+).))
((Your rubbery body absorbs attacks. (AC +1, EV +1)))
((You are camouflaged when in or above water. (Stealth+)))
((You have tentacles for arms and can constrict up to eight enemies at once.))


Message History

The gnoll bouda is almost dead.
The gnoll is no longer moving quickly.
The gnoll hits you but does no damage. x2
The gnoll bouda hits you but does no damage.
The gnoll hits you but does no damage.
Unknown command.
You hit the gnoll bouda but do no damage.
The gnoll bouda is almost dead.
The gnoll hits you but does no damage. x2
The gnoll bouda hits you but does no damage.
The gnoll hits you from afar with a +0 spear.
* * * LOW HITPOINT WARNING * * *
Unknown command.
Unknown command.
You hit the gnoll bouda.
You kill the gnoll bouda!
The gnoll completely misses you. The gnoll hits you with a +0 whip.
* * * LOW HITPOINT WARNING * * *
Unknown command.
Unknown command.
You barely miss the gnoll.
The gnoll is almost dead.
The gnoll hits you but does no damage. x3
Unknown command.
You smack the gnoll!
You kill the gnoll!
The gnoll hits you but does no damage.
The gnoll hits you from afar with a +0 spear.
* * * LOW HITPOINT WARNING * * *
Unknown command.
Okay, then.
Unknown command.
Okay, then.
Unknown command.
You cannot move.
Unknown command.
You aren't carrying any items that you can evoke.
Unknown command.
Unknown command.
There are monsters nearby!
Unknown command.
Unknown command.
Unknown command.
The gnoll hits you but does no damage. x2
The gnoll hits you but does no damage.
The gnoll hits you from afar with a +0 spear.
* * * LOW HITPOINT WARNING * * *
Unknown command.
The gnoll hits you but does no damage.
The gnoll hits you from afar with a +0 spear.
You die...

## ...# #######################.
...' ........................ ...
####......................... ...
.............................
#.##.# #........)................
#....###........♣.g.............(
#>.........).|..$)g..............
.....# #.........................
#..#.# #.........................
#..#.###.........................
##.#.##..........................
#...............................
###.#...........................
####.#...........................


You could see 2 gnolls.

Vanquished Creatures
  A phantom (D:3)
  2 scorpions (D:4)
  A crimson imp (D:3)
  A bombardier beetle (D:3)
  A hound (D:3)
  2 jellies
  A gnoll bouda (D:4)
  Jessica (D:2)
  2 orc wizards (D:4)
  3 gnolls (D:4)
  An adder (D:3)
  3 dart slugs
  2 ribbon worms (D:3)
  11 orcs
  6 endoplasms
  2 giant cockroaches (D:4)
  A goblin (D:1)
  7 hobgoblins
  7 jackals
  2 quokkas
  8 ball pythons
  7 bats
  2 frilled lizards (D:3)
  A goblin skeleton (D:3)
  A goblin zombie (D:3)
  5 hobgoblin zombies (D:3)
  4 kobolds
  3 kobold zombies (D:3)
  4 rats
92 creatures vanquished.

Notes
Turn   | Place    | Note
-------+----------+-------------------------------------------
     0 | D:1      | Sobieck the Octopode Shapeshifter began the quest for the
                  | Orb.
     0 | D:1      | Reached XP level 1. HP: 13/13 MP: 1/1
    15 | D:1      | Found a sparkling altar of Nemelex Xobeh.
    70 | D:1      | Reached XP level 2. HP: 3/18 MP: 2/2
   159 | D:1      | Found a faded altar of an unknown god.
   169 | D:1      | Reached skill level 1 in Stealth
   320 | D:1      | Reached XP level 3. HP: 23/23 MP: 3/3
   372 | D:1      | Found Voatroi's Jewellery Boutique.
  1010 | D:2      | Reached XP level 4. HP: 27/29 MP: 4/4
  1308 | D:3      | Noticed Jessica
  1318 | D:2      | Killed Jessica
  1319 | D:2      | Reached skill level 4 in Unarmed Combat
  1535 | D:3      | Found a glowing golden altar of the Shining One.
  1542 | D:3      | Reached XP level 5. HP: 29/34 MP: 5/5
  1551 | D:3      | Reached skill level 3 in Stealth
  1553 | D:3      | Reached skill level 3 in Dodging
  2237 | D:3      | Reached XP level 6. HP: 41/41 MP: 6/6
  2565 | D:3      | Reached skill level 5 in Unarmed Combat
  2608 | D:4      | Reached skill level 3 in Fighting
  2893 | D:4      | Reached XP level 7. HP: 46/46 MP: 7/7
  3093 | D:4      | Slain by a gnoll

Illustrated notes

Levels and vault maps discovered:
D:1:      dpeg_arrival_water_altar, layout_rooms, serial_shops,
          nicolae_shop_waterfront, ebering_ecumenical_altar_box
D:2:      layout_loops_ring
D:3:      layout_basic, nicolae_tso_besieged_by_evil, uniq_jessica
D:4:      layout_basic

Skill      XL: |  1  2  3  4  5  6  7 |
---------------+----------------------+-----
Stealth        | 1 2 3 4 |  4.0
Fighting       | 2 3 4 |  4.2
Unarmed Combat | 4 5 |  5.3
Dodging        | 3 4 |  4.2
Shapeshifting  | |  3.2

Action                     |  1- 3 |  4- 6 |  7- 9 || total
---------------------------+-------+-------+-------++-------
  Melee: Unarmed           |    47 |    50 |    36 ||   133
         Constrict         |    14 |    14 |     8 ||    36
         Tentacles         |     9 |    13 |     6 ||    28
         Punch             |       |     2 |     1 ||     3
   Fire: Sling             |    15 |    64 |    20 ||    99
    Use: Scroll            |       |     7 |       ||     7
         Potion            |       |       |     2 ||     2
   Stab: Sleeping          |     2 |     1 |       ||     3
 Armour: Skin              |    26 |    33 |    63 ||   122
  Dodge: Dodged            |    47 |    33 |    28 ||   108

Table legend: (Time is in decaauts)
 A = Elapsed time spent in this place.
 B = Non-inter-level travel time spent in this place.
 C = Inter-level travel time spent in this place.
 D = Time resting spent in this place.
 E = Time spent auto-exploring this place.
 F = Levels seen in this place.
 G = Mean time per level.
                   A        B        C        D        E       F      G
               +--------+--------+--------+--------+--------+-----+--------+
         Total |   3108 |   2988 |    120 |    396 |   1971 |   4 |  777.0 |
       Dungeon |   3108 |   2988 |    120 |    396 |   1971 |   4 |  777.0 |
               +--------+--------+--------+--------+--------+-----+--------+

Top non-repeatable levels by time:
     D:3: 1175 daAuts
     D:2: 749 daAuts
     D:1: 670 daAuts
     D:4: 512 daAuts
